 Dungeon Crawl Stone Soup version 0.24.0-123-gd5b16e6ec5 (webtiles) character file.

Game seed: 11595258833996275243, levelgen mode: deterministic

931 Elellon the Ruffian (level 7, -8/67 HPs)
             Began as a Troll Fighter on Jan 4, 2020.
             Mangled by a hell rat (11 damage)
             ... on level 5 of the Dungeon.
             The game lasted 00:08:06 (3134 turns).

Elellon the Ruffian (Troll Fighter)                 Turns: 3134, Time: 00:08:06

Health: -8/67      AC:  6    Str: 27    XL:     7   Next: 86%
Magic:  6/6        EV:  8    Int:  4    God:
Gold:   219        SH:  9    Dex: 12    Spells: 6/6 levels left

rFire    . . .     SeeInvis .     - Unarmed
rCold    . . .     Gourm    +   b - +0 shield
rNeg     . . .     Faith    .   a - +0 robe
rPois    .         Spirit   .   (helmet restricted)
rElec    .         Reflect  .   (no cloak)
rCorr    .         Harm     .   (gloves unavailable)
MR       .....                  (boots unavailable)
Stlth    +.........             n - amulet of regeneration
HPRegen  1.01/turn              (no ring)
MPRegen  0.10/turn              s - +3 ring of dexterity

@: heavily drained
A: large, unfitting armour, claws 3, fast metabolism 3, gourmand, regeneration
1, shaggy fur 1, tough skin 3
a: no special abilities


You were on level 5 of the Dungeon.
You were very full.

You visited 1 branch of the dungeon, and saw 5 of its levels.

You collected 219 gold pieces.

Inventory:

Armour
 a - a +0 robe (worn)
 b - a +0 shield (worn)
Jewellery
 n - an amulet of regeneration (around neck)
 s - a +3 ring of dexterity (right claw)
Wands
 B - a wand of flame (17)
Scrolls
 e - a scroll of remove curse
 i - a scroll of blinking {unknown}
 j - a scroll of noise {unknown}
 k - 3 scrolls of teleportation
 l - 3 scrolls of random uselessness
 q - 3 scrolls of identify {unknown}
 r - 2 scrolls of fog {unknown}
 t - a scroll of enchant armour {unknown}
 u - a scroll of amnesia {unknown}
 y - 2 scrolls of fear {unknown}
 C - a scroll of magic mapping {unknown}
Potions
 c - 2 potions of might
 f - a potion of haste {unknown}
 h - 4 potions of agility {unknown}
 m - 2 potions of resistance {unknown}
 o - 2 potions of brilliance {unknown}
 p - a potion of invisibility {unknown}
 v - a potion of mutation {unknown}
 w - 2 potions of flight {unknown}
 x - 2 potions of degeneration {unknown}
 z - 2 potions of lignification {unknown}
 A - a potion of heal wounds {unknown}
Comestibles
 d - 18 rations
 g - 4 chunks of flesh


   Skills:
 + Level 3.0(1.8) Fighting
 + Level 3.8(2.6) Dodging
 + Level 3.7(2.6) Shields
 * Level 7.4(6.1) Unarmed Combat


You had 6 spell levels left.
You didn't know any spells.
Your spell library was empty.

Dungeon Overview and Level Annotations

Branches:
Dungeon (5/15)
 Temple: D:4-7

Altars:
Wu Jian


Innate Abilities, Weirdness & Mutations

You are too large for most types of armour.
You have claws for hands.
Your metabolism is lightning-fast.
You like to eat raw meat.
Your natural rate of healing is unusually fast.
You are covered in fur. (AC +1)
You have extremely tough skin. (AC +3)


Message History

The hell rat bites you. x2
You barely miss the hell rat.
The hell rat is lightly wounded.
You block the hell rat's attack.
Your shield prevents you from hitting the hell rat.
The hell rat is lightly wounded.
The hell rat bites you!
* * * LOW HITPOINT WARNING * * *
You feel drained.
* * * LOW HITPOINT WARNING * * *
You scratch the hell rat but do no damage.
The hell rat is lightly wounded.
The hell rat bites you!
* * * LOW HITPOINT WARNING * * *
You feel drained.
* * * LOW HITPOINT WARNING * * *
You scratch the hell rat.
The hell rat is heavily wounded.
The hell rat bites you!
You die...

......## #.............##.......#
...#...####............#>.......#
...##...# ##...[.....<##.........
...###..## ##.........#..........
..## ##..## ##........#..#......#
.## #...# ##......#..######### ##
###.### ##....#..## #
#.÷##############..# #..#
#..rrrr@###..##
##.##...#.rr##..#### #.##.
#.#######.#.# ##÷## .. ##.## ##
###.##r ###.# .###÷.##. ##..##
.##.#### ##.### .###÷######
#####.## ## ##...#.###.#..##


You could see a hell rat, 3 river rats and 2 rats.

Vanquished Creatures
  A phantom (D:4)
  A sky beast (D:5)
  An ogre (D:5)
  A centaur (D:5)
  2 howler monkeys (D:4)
  A crimson imp (D:5)
  A bullfrog zombie (D:5)
  A hound (D:5)
  An iguana (D:4)
  2 orc wizards (D:4)
  A bullfrog skeleton (D:4)
  2 hell rats (D:5)
  2 worker ants (D:4)
  A hound skeleton (D:2)
  5 adders
  3 howler monkey skeletons
  A shadow imp (D:5)
  An ooze (D:1)
  An adder skeleton (D:4)
  5 worms
  A dart slug (D:2)
  2 leopard geckos
  5 orcs
  2 giant cockroaches (D:2)
  5 goblins
  8 hobgoblins
  9 jackals
  A kobold (D:1)
  2 quokkas
  4 ball pythons
  8 bats
  A quokka skeleton (D:4)
  19 rats
101 creatures vanquished.

Notes
Turn   | Place    | Note
-------+----------+-------------------------------------------
     0 | D:1      | Elellon the Troll Fighter began the quest for the Orb.
     0 | D:1      | Reached XP level 1. HP: 22/22 MP: 0/0
    70 | D:1      | Reached XP level 2. HP: 29/29 MP: 1/1
   243 | D:1      | Reached XP level 3. HP: 32/36 MP: 2/2
   625 | D:2      | Reached skill level 3 in Unarmed Combat
   653 | D:2      | Reached XP level 4. HP: 44/44 MP: 3/3
   914 | D:2      | Found an ornate altar of the Wu Jian Council.
  1455 | D:3      | Found a faded altar of an unknown god.
  1909 | D:4      | Reached skill level 4 in Unarmed Combat
  1909 | D:4      | Reached XP level 5. HP: 48/50 MP: 4/4
  2026 | D:4      | Reached XP level 6. HP: 55/59 MP: 5/5
  2299 | D:4      | Reached skill level 5 in Unarmed Combat
  2813 | D:5      | Entered Level 5 of the Dungeon
  2816 | D:5      | Reached skill level 6 in Unarmed Combat
  2816 | D:5      | Reached XP level 7. HP: 45/66 MP: 6/6
  3000 | D:5      | Reached skill level 7 in Unarmed Combat
  3133 | D:5      | HP: 2/67 [hell rat (5)]
  3134 | D:5      | Mangled by a hell rat

Levels and vault maps discovered:
D:1:      scummos_arrival_star, layout_rooms
D:2:      layout_rooms, nicolae_overflow_hidden_temple, minivault_5
D:3:      layout_basic, chequers_ecumenical_altar_grove
D:4:      minmay_skewed_foursquare, layout_basic, first_ration
D:5:      wander_guarded_unrand_ratskin, layout_cave_pods, portal_sewer_entry_e,
          doesnt_xom_only_xom

Skill      XL: |  1  2  3  4  5  6  7 |
---------------+----------------------+-----
Unarmed Combat | 3 4 6 7 |  7.4
Dodging        | 3 |  3.8
Shields        | 3 |  3.7
Fighting       | 3 |  3.0

Action                   |  1- 3 |  4- 6 |  7- 9 || total
-------------------------+-------+-------+-------++-------
Melee: Unarmed           |   122 |   140 |    91 ||   353
  Use: Scroll            |       |     4 |       ||     4
 Stab: Distracted        |     1 |       |       ||     1
       Sleeping          |       |       |     2 ||     2
  Eat: Chunk             |    12 |    18 |     4 ||    34
Armor: Robe              |    58 |    42 |    20 ||   120
Dodge: Dodged            |    50 |    40 |    21 ||   111
Block: Shield            |    68 |    68 |    30 ||   166
